 Dungeon Crawl Stone Soup version 0.28-a0-691-gad6df49e81 (webtiles) character file.

Game seed: 17129731006889531874

2285 ytrimaz the Cleaver (level 9, -9/71 HPs)
             Began as a Formicid Fighter on Oct 22, 2021.
             Was a Follower of Ashenzari.
             Killed from afar by Maurice (24 damage)
             ... with a bolt of acid
             ... on level 8 of the Dungeon.
             The game lasted 00:08:11 (7450 turns).

ytrimaz the Cleaver (Formicid Fighter)              Turns: 7450, Time: 00:08:12

Health: -9/71      AC: 11    Str: 30    XL:     9   Next: 66%
Magic:  9/9        EV: 24    Int:  8    God:    Ashenzari [*.....]
Gold:   336        SH:  4    Dex: 10    Spells: 8/8 levels left

rFire   . . .      SeeInvis +   u - +3 dire flail
rCold   . . .      Faith    .   c - +0 buckler of Ashenzari's Adversity {Melee, Range} (curse)
rNeg    . . .      Spirit   .   p - +0 chain mail
rPois   .          Reflect  .   (helmet unavailable)
rElec   .          Harm     .   (no cloak)
rCorr   .          Rampage  .   g - +2 pair of gloves of the Lashed Irritation {Self, Fort} (curse)
Will    .....                   n - +0 pair of boots
Stlth   ..........              l - amulet of the acrobat
HPRegen 0.21/turn               r - +6 ring of strength
MPRegen 0.11/turn               (no ring)

@: corroded, acrobatic
A: permanent stasis, dig shafts and tunnels, antennae 3, four strong arms
a: Dig, Shaft Self, Renounce Religion, Curse Item, Shatter the Chains


You were on level 8 of the Dungeon.
You worshipped Ashenzari.
Ashenzari was aware of your devotion.
You visited 2 branches of the dungeon, and saw 9 of its levels.

You collected 336 gold pieces.

Inventory:

Hand Weapons
 a - a +0 war axe
 m - a +1 vorpal hand axe
 u - a +3 dire flail (weapon)
Armour
 c - the cursed +0 buckler of Ashenzari's Adversity (worn) {Melee, Range}

   It has a curse which improves the following skills: Melee Combat: Short
   Blades, Long Blades, Axes, Maces & Flails, Polearms, Staves and Unarmed
   Combat.
   Ranged Combat: Slings, Bows, Crossbows and Throwing.
 g - the cursed +2 pair of gloves of the Lashed Irritation (worn) {Self, Fort}
   (You found it on level 1 of the Dungeon)

   It has a curse which improves the following skills: Introspection: Fighting
   and Spellcasting.
   Fortitude: Armour and Shields.
 n - a +0 pair of boots (worn)
 p - a +0 chain mail (worn)
 w - a +0 ring mail of cold resistance
Jewellery
 l - an amulet of the acrobat (around neck)
 r - a +6 ring of strength (left hand)
 v - an amulet of reflection
 x - a ring of positive energy
Wands
 z - a wand of acid (10)
Scrolls
 b - a scroll of fear
 d - 2 scrolls of fog
 e - 2 scrolls of holy word
 i - a scroll of enchant armour
 t - a scroll of magic mapping
 y - a scroll of brand weapon
Potions
 f - a potion of resistance
 h - 5 potions of curing
 j - a potion of brilliance
 k - 3 potions of heal wounds
 o - a potion of ambrosia
 q - 3 potions of invisibility
 s - a potion of attraction


   Skills:
 + Level 5.6(6.6) Fighting
 * Level 10.0(11.2) Axes
 + Level 3.3(7.7) Maces & Flails
 + Level 6.2(7.2) Armour
 - Level 3.6(4.5) Shields


You had 8 spell levels left.
You didn't know any spells.
Your spell library contained the following spells:

 Spells                   Type           Power      Damage    Failure   Level
 Animate Skeleton         Necr           0%         N/A       88%         1
 Pain                     Necr           0%         1d4       88%         1
 Corpse Rot               Necr/Air       0%         N/A       96%         2
 Dazzling Flash           Conj/Hex       0%         N/A       99%         3
 Gell's Gravitas          Tloc           0%         N/A       99%         3
 Lesser Beckoning         Tloc           0%         N/A       99%         3
 Teleport Other           Tloc           0%         N/A       99%         3
 Vampiric Draining        Necr           0%         2d6       99%         3
 Dispel Undead            Necr           0%         3d6       100%        4
 Iskenderun's Mystic Bla  Conj/Tloc      0%         2d3       100%        4
 Death Channel            Necr           0%         N/A       100%        6
 Starburst                Conj/Fire      0%         6d3       100%        6


Dungeon Overview and Level Annotations

Branches:
Dungeon (8/15)             Temple (1/1) D:4
   Lair: D:8-11

Altars:
Ashenzari
Cheibriados
Dithmenos
Elyvilon
Fedhas
Gozag
Hepliaklqana
Kikubaaqudgha
Makhleb
Nemelex Xobeh
Okawaru
Qazlal
Ru
Trog
Uskayaw
Vehumet
Wu Jian
Xom
Yredelemnul
Zin
The Shining One

Annotations:
D:8 Maurice


Innate Abilities, Weirdness & Mutations

You cannot be hasted, slowed, berserked, paralysed or teleported.
You can dig through walls and to a lower floor.
You have a pair of large antennae on your head. (SInv)
Your four strong arms can wield two-handed weapons with a shield.


Message History

You now have 336 gold pieces (gained 6).
Done exploring.
Done exploring.
Done exploring.
Done exploring.
There is a stone staircase leading down here.
You climb downwards.
Maurice shouts!
Found a scroll of summoning.
There is a stone staircase leading up here.
Unknown command.
Okay, then.
Unknown command.
You hit Maurice but do no damage. Maurice hits you with a +0 dagger.
Maurice steals 1 of your 3 scrolls of holy word!
You miss Maurice. Maurice hits you but does no damage.
You closely miss Maurice.
Maurice casts a spell.
Maurice puts on a burst of speed!
You hit Maurice.
Maurice is lightly wounded.
Maurice shouts, "HAHA!"
Maurice zaps a wand.
The bolt of acid misses you.
You hit Maurice.
Maurice is lightly wounded.
Maurice barely misses you.
You hit Maurice.
Maurice is lightly wounded.
Maurice zaps a wand.
The bolt of acid hits you!! The acid corrodes you!
You impale Maurice!!
Maurice is heavily wounded.
Maurice hits you but does no damage.
A wight comes into view.
It is wielding a +2 battleaxe of electrocution.
Unknown command.
Okay, then.
Unknown command.
Maurice zaps a wand.
The bolt of acid hits you!!
* * * LOW HITPOINT WARNING * * *
Maurice zaps a wand.
The bolt of acid hits you!!
You die...

#####.#
####.......
#@..@......
####.......
{ ..?....
....... {{
....... {
#+##... ...
z.


You could see Maurice (swift).

Vanquished Creatures
  Maggie (D:7)
  2 sky beasts
  An orc warrior (D:6)
  A necrophage (D:7)
  3 black bears
  An ogre (D:4)
  2 centaurs
  2 bullfrogs (D:7)
  A scorpion (D:6)
  A water moccasin skeleton (D:5)
  5 wights
  3 centaur zombies
  A bullfrog skeleton (D:6)
  A hound (D:6)
  2 jellies
  3 orc priests
  2 centaur skeletons (D:7)
  An iguana (D:4)
  2 orc wizards (D:7)
  A scorpion zombie (D:5)
  A killer bee zombie (D:7)
  A hound zombie (D:5)
  2 howler monkey zombies
  3 gnolls
  6 adders
  A white imp (D:6)
  2 worms
  A dart slug (D:2)
  15 orcs
  10 ball pythons
  5 endoplasms
  5 giant cockroaches
  7 goblins
  5 hobgoblins
  4 jackals (D:4)
  2 quokkas (D:2)
  4 bats
  2 frilled lizards (D:1)
  9 kobolds
  5 rats
126 creatures vanquished.

Vanquished Creatures (others)
  2 plants (D:1)
2 creatures vanquished.

Grand Total: 128 creatures vanquished

Notes
Turn   | Place    | Note
-------+----------+-------------------------------------------
     0 | D:1      | ytrimaz the Formicid Fighter began the quest for the Orb.
     0 | D:1      | Reached XP level 1. HP: 18/18 MP: 1/1
   211 | D:1      | Reached XP level 2. HP: 24/24 MP: 2/2
   248 | D:1      | Found a faded altar of an unknown god.
   714 | D:1      | Reached XP level 3. HP: 24/29 MP: 3/3
  1411 | D:2      | Reached skill level 3 in Axes
  1438 | D:2      | Reached XP level 4. HP: 29/37 MP: 4/4
  2086 | D:3      | Reached skill level 4 in Axes
  2086 | D:3      | Reached XP level 5. HP: 29/42 MP: 5/5
  2475 | D:3      | Found a basalt altar of Yredelemnul.
  2826 | D:3      | Found a radiant altar of Vehumet.
  2921 | D:4      | Found a sparkling altar of Nemelex Xobeh.
  3167 | D:4      | Noticed an ogre
  3173 | D:4      | Killed an ogre
  3174 | D:4      | Reached skill level 5 in Axes
  3174 | D:4      | Reached XP level 6. HP: 26/48 MP: 6/6
  3178 | D:4      | Found a staircase to the Ecumenical Temple.
  3360 | Temple   | Entered the Ecumenical Temple
  3470 | Temple   | Became a worshipper of Ashenzari the Shackled
  3570 | D:4      | Found an ancient bone altar of Kikubaaqudgha.
  3583 | D:4      | Found an opulent altar of Gozag.
  3651 | D:5      | Entered Level 5 of the Dungeon
  3786 | D:5      | Found a glowing golden altar of the Shining One.
  3878 | D:5      | Reached skill level 6 in Axes
  3878 | D:5      | Reached XP level 7. HP: 46/54 MP: 7/7
  3882 | D:5      | Found a snail-covered altar of Cheibriados.
  4342 | D:5      | Reached skill level 7 in Axes
  4516 | D:5      | Reached XP level 8. HP: 61/61 MP: 8/8
  5065 | D:5      | Identified the cursed +2 pair of gloves of the Lashed
                  | Irritation {Self, Fort} (You found it on level 1 of the
                  | Dungeon)
  5698 | D:6      | Reached skill level 8 in Axes
  5698 | D:6      | Reached skill level 5 in Armour
  5933 | D:6      | Reached * piety under Ashenzari
  6167 | D:6      | Reached skill level 5 in Fighting
  6260 | D:6      | Reached skill level 9 in Axes
  6260 | D:6      | Reached XP level 9. HP: 69/69 MP: 9/9
  6749 | D:7      | Noticed Maggie
  6760 | D:7      | Killed Maggie
  6761 | D:7      | Reached skill level 1 in Maces & Flails
  7031 | D:7      | Reached skill level 10 in Axes
  7403 | D:7      | Found a white marble altar of Elyvilon.
  7439 | D:8      | Noticed Maurice
  7450 | D:8      | Killed from afar by Maurice

Illustrated notes

Levels and vault maps discovered:
D:1:      giann_bridges, layout_loops_corners,
          shapermc_ecumenical_altar_totnotflames, hex_medium
D:2:      layout_basic, minmay_tetromino_i4
D:3:      layout_loops_ring, mainiacjoe_overflow_surrounded_room,
          mainiacjoe_overflow_six_doors_small, hangedman_decor_clover_reticule,
          hangedman_decor_peaks_small
D:4:      layout_basic, nemelex_spade_bored_becter, minitemple,
          minmay_temple_entry_stoned_glass
D:5:      layout_layer_cave, mainiacjoe_overflow_concentric_impassable,
          mainiacjoe_overflow_small_starburst
D:6:      layout_gridville
D:7:      layout_cave_pools, nicolae_elyvilon_peaceful_grove, minivault_24,
          uniq_maggie
D:8:      layout_basic, kennysheep_orc_sif_temple, serial_shops,
          nicolae_lakefront_shop, uniq_maurice, uniq_psyche
Temple:   nicolae_temple_god_jail

Skill      XL: |  1  2  3  4  5  6  7  8  9 |
---------------+----------------------------+-----
Axes           | 3 4 5 6 7 9 10 | 10.0
Fighting       | 4 5 |  5.6
Armour         | 4 5 6 |  6.2
Maces & Flails | 3 |  3.3
Shields        | |  3.6

Action                   |  1- 3 |  4- 6 |  7- 9 || total
-------------------------+-------+-------+-------++-------
Melee: War axe           |    84 |   114 |   120 ||   318
       Dire flail        |       |       |    87 ||    87
Invok: Curse Item        |       |       |     2 ||     2
 Abil: Dig               |       |       |     2 ||     2
  Use: Scroll            |       |     3 |       ||     3
       Potion            |       |     1 |     2 ||     3
 Stab: Invisible         |       |       |     5 ||     5
Armor: Scale mail        |    38 |    16 |       ||    54
       Chain mail        |       |    41 |   127 ||   168
       Skin              |       |       |     5 ||     5
Dodge: Dodged            |    36 |    59 |   143 ||   238
Block: Buckler           |    23 |    32 |    39 ||    94

Table legend: (Time is in decaauts)
 A = Elapsed time spent in this place.
 B = Non-inter-level travel time spent in this place.
 C = Inter-level travel time spent in this place.
 D = Time resting spent in this place.
 E = Time spent auto-exploring this place.
 F = Levels seen in this place.
 G = Mean time per level.
                   A        B        C        D        E       F      G
               +--------+--------+--------+--------+--------+-----+--------+
         Total |   7528 |   7352 |    176 |    796 |   5271 |   9 |  836.4 |
       Dungeon |   7398 |   7222 |    176 |    796 |   5187 |   8 |  924.8 |
        Temple |    130 |    130 |      0 |      0 |     84 |   1 |  130.0 |
               +--------+--------+--------+--------+--------+-----+--------+

Top non-repeatable levels by time:
     D:5: 1805 daAuts
     D:1: 1201 daAuts
     D:6: 1151 daAuts
     D:2: 925 daAuts
     D:7: 846 daAuts
     D:3: 838 daAuts
     D:4: 618 daAuts
  Temple: 130 daAuts
     D:8: 10 daAuts
